 Dungeon Crawl Stone Soup version 0.20.1-1-g8b1a95d (webtiles) character file.

1786 Gremour the Carver (level 8, -2/59 HPs)
             Began as a Demonspawn Fighter on Dec 10, 2017.
             Was a Follower of Yredelemnul.
             Slain by a bullfrog (5 damage)
             ... on level 6 of the Dungeon.
             The game lasted 00:20:25 (3752 turns).

Gremour the Carver (Demonspawn Fighter)             Turns: 3752, Time: 00:20:26

Health: -2/59      AC:  8    Str: 18    XL:     8   Next: 82%
Magic:  8/9        EV:  7    Int:  9    God:    Yredelemnul [*.....]
Gold:   348        SH:  9    Dex: 14    Spells: 7/7 levels left

rFire    . . .     SeeInvis +   a - +0 long sword
rCold    . . .     Gourm    .   c - +0 shield
rNeg     . . .     Faith    .   b - +0 scale mail
rPois    .         Spirit   .   A - +0 helmet
rElec    .         Reflect  .   (no cloak)
rCorr    .         Harm     .   (no gloves)
MR       .....                  (no boots)
Stlth    ..........             (no amulet)
Regen    0.2/turn               (no ring)
MPRegen  0.2/turn               D - ring of see invisible

@: flying
A: talons 1, rugged brown scales 1, demonic guardian 1, spiny 1
a: Animate Remains, Renounce Religion


You were on level 6 of the Dungeon.
You worshipped Yredelemnul.
Yredelemnul was aware of your devotion.
You were hungry.

You visited 2 branches of the dungeon, and saw 7 of its levels.

You collected 348 gold pieces.

Inventory:

Hand Weapons
 a - a +0 long sword (weapon)
 y - a +1 whip of electrocution
 B - a +0 long sword
 H - a +2 vampiric hand axe
Missiles
 u - 8 tomahawks (quivered)
Armour
 b - a +0 scale mail (worn)
 c - a +0 shield (worn)
 A - a +0 helmet (worn)
Jewellery
 D - a ring of see invisible (right hand)
 G - an uncursed ring of fire
Scrolls
 i - 4 scrolls of identify
 k - 3 scrolls of recharging
 n - a scroll of enchant weapon {unknown}
 p - 4 scrolls of immolation
 q - 2 scrolls of teleportation
 t - 2 scrolls of remove curse
 C - 2 scrolls of enchant armour {unknown}
 F - a scroll of blinking {unknown}
Potions
 d - 3 potions of might
 e - 2 potions of mutation
 m - 3 potions of magic
 o - 4 potions of haste
 s - a potion of invisibility {unknown}
 v - a potion of curing
 w - a potion of cancellation {unknown}
 E - a potion of berserk rage {unknown}
Miscellaneous
 x - a lamp of fire
Comestibles
 f - 5 bread rations
 g - 5 meat rations
 h - 5 chunks of flesh
 j - 4 fruits
 l - a royal jelly


   Skills:
 - Level 3.0 Fighting
 + Level 10.0 Long Blades
 - Level 2.6 Armour
 * Level 4.1 Shields
 + Level 1.5 Invocations


You had 7 spell levels left.
You didn't know any spells.

Dungeon Overview and Level Annotations

Branches:
Dungeon (6/15)             Temple (1/1) D:4

Altars:
Ashenzari
Cheibriados
Dithmenos
Elyvilon
Fedhas
Gozag
Hepliaklqana
Kikubaaqudgha
Nemelex Xobeh
Okawaru
Qazlal
Ru
Sif Muna
Trog
Uskayaw
Xom
Yredelemnul
Zin
The Shining One


Innate Abilities, Weirdness & Mutations

You have sharp toenails.
You are partially covered in rugged brown scales. (AC +1, +3% HP)
A weak demonic guardian rushes to your aid.
You are partially covered in sharp spines.


Message History

A bullfrog comes into view.
The centaur unwields an uncursed rapier.
The centaur wields a shortbow.
The centaur shoots an arrow.
The arrow hits you!
* * * LOW HITPOINT WARNING * * *
Your orc zombie closely misses the centaur.
You swap places.
Something hits your iron imp.
It was a potion of flight.
You feel very buoyant.
You fly up into the air.
A jackal comes into view.
Okay, then.
You closely miss the bullfrog.
The centaur unwields an uncursed rapier.
The centaur wields a shortbow.
The centaur shoots an arrow.
The arrow hits your iron imp!
Your iron imp dies!
The bullfrog is struck by your spines. The bullfrog hits you.
You die...
Your body rises from the dead as a mindless zombie.

#.#..#..##.#
#.#....###.####
#..........)..####
#................
#.......)......##
#..............# .
###...†.......(>.#
....##.F....†h........#
.......@..............#
.##.##.##c.†.........##
#. #)((........##
..<.)..†#########
.##cZ...# ## #.....#
#.....# #.....# #....##


You could see a bullfrog, a centaur and a jackal.

Vanquished Creatures
  Pikel (D:4)
  Menkaure (D:4)
  The ghost of picardb the Conjurer, an amateur DrCj (D:4)
  A water moccasin (D:6)
  2 ogres (D:4)
  A phantom (D:5)
  2 bullfrogs (D:6)
  Blork the orc (D:4)
  2 crimson imps (D:6)
  A hound (D:4)
  An iguana (D:4)
  3 orc wizards (D:6)
  4 worker ants
  A hound zombie (D:4)
  2 adders
  4 worms
  3 dart slugs
  5 leopard geckos
  19 orcs
  8 bats
  5 giant cockroaches
  8 goblins
  7 hobgoblins
  6 jackals (D:6)
  4 kobolds
  A quokka (D:2)
  4 frilled lizards
  A quokka skeleton (D:5)
  7 rats
106 creatures vanquished.

Vanquished Creatures (collateral kills)
  A sky beast (D:6)
  A bullfrog (D:6)
  A howler monkey (D:6)
  A jelly (D:6)
  A hound (D:4)
  An orc wizard (D:6)
  An adder (D:6)
  A jackal (D:6)
8 creatures vanquished.

Vanquished Creatures (others)
  A slave (D:4)
  A worker ant (D:4)
  2 adders (D:4)
  An orc zombie (D:6)
  2 jackals (D:4)
  A giant cockroach zombie (D:6)
  A jackal zombie (D:6)
9 creatures vanquished.

Grand Total: 123 creatures vanquished

Notes
Turn   | Place    | Note
-------+----------+-------------------------------------------
     0 | D:1      | Gremour the Demonspawn Fighter began the quest for the Orb.
     0 | D:1      | Reached XP level 1. HP: 18/18 MP: 1/1
    51 | D:1      | Reached skill level 2 in Long Blades
   180 | D:1      | Gained mutation: You are partially covered in sharp spines. [demonic ancestry]
   180 | D:1      | Reached XP level 2. HP: 24/24 MP: 2/2
   320 | D:1      | Reached skill level 3 in Long Blades
   622 | D:2      | Gained mutation: A weak demonic guardian rushes to your aid. [demonic ancestry]
   622 | D:2      | Reached XP level 3. HP: 29/29 MP: 3/3
  1192 | D:3      | Reached XP level 4. HP: 28/35 MP: 4/4
  1201 | D:3      | Reached skill level 4 in Long Blades
  1767 | D:3      | Found an iron altar of Okawaru.
  1778 | D:3      | Found a bloodstained altar of Trog.
  1991 | D:4      | Found a staircase to the Ecumenical Temple.
  1991 | D:4      | Noticed Pikel
  1991 | D:4      | Noticed a slave
  1991 | D:4      | Noticed a slave
  1991 | D:4      | Noticed a slave
  1992 | D:4      | Noticed a slave
  1998 | D:4      | Reached XP level 5. HP: 36/41 MP: 5/5
  2006 | D:4      | Killed Pikel
  2006 | D:4      | Reached skill level 7 in Long Blades
  2006 | D:4      | Reached XP level 6. HP: 29/47 MP: 6/6
  2006 | D:4      | Gained mutation: You have sharp toenails. [demonic ancestry]
  2006 | D:4      | Reached XP level 7. HP: 32/52 MP: 7/7
  2020 | Temple   | Entered the Ecumenical Temple
  2045 | Temple   | Became a worshipper of Yredelemnul the Dark
  2231 | D:4      | Noticed picardb's ghost (amateur DrCj)
  2232 | D:4      | Noticed Menkaure
  2263 | D:4      | Killed Menkaure
  2268 | D:4      | Killed picardb's ghost
  2268 | D:4      | Reached skill level 8 in Long Blades
  2861 | D:4      | Noticed Blork the orc
  2874 | D:4      | Killed Blork the orc
  2874 | D:4      | Gained mutation: You are partially covered in rugged brown scales. (AC +1, +3% HP) [demonic ancestry]
  2874 | D:4      | Reached XP level 8. HP: 42/59 MP: 8/8
  3153 | D:5      | Entered Level 5 of the Dungeon
  3517 | D:5      | Found a deep blue altar of Sif Muna.
  3522 | D:5      | Found a hide-covered altar of Uskayaw.
  3522 | D:5      | Found a shadowy altar of Dithmenos.
  3522 | D:5      | Found a blossoming altar of Fedhas.
  3525 | D:5      | Found a shimmering altar of Xom.
  3526 | D:5      | Found a white marble altar of Elyvilon.
  3527 | D:5      | Found a glowing silver altar of Zin.
  3644 | D:6      | Reached skill level 9 in Long Blades
  3676 | D:6      | Reached * piety under Yredelemnul
  3721 | D:6      | Reached skill level 1 in Invocations
  3734 | D:6      | Reached skill level 10 in Long Blades
  3752 | D:6      | Slain by a bullfrog

Skill      XL: |  1  2  3  4  5  6  7  8 |
---------------+-------------------------+-----
Long Blades    | 2 3 4 7 8 10 | 10.0
Shields        | 3 4 |  4.1
Invocations    | 1 |  1.5
Fighting       | |  3.0
Armour         | |  2.6

Action                   |  1- 3 |  4- 6 |  7- 9 || total
-------------------------+-------+-------+-------++-------
Melee: Long sword        |   105 |    60 |   108 ||   273
       Kick              |       |       |    38 ||    38
Invok: Animate Remains   |       |       |     4 ||     4
  Use: Potion            |       |       |     3 ||     3
       Scroll            |       |       |     6 ||     6
 Stab: Distracted        |       |       |     1 ||     1
  Eat: Chunk             |     1 |     2 |     5 ||     8
       Fruit             |       |     1 |     1 ||     2
Armor: Scale mail        |    45 |    27 |    27 ||    99
Dodge: Dodged            |    33 |    17 |    20 ||    70
Block: Shield            |    65 |    37 |    44 ||   146
       Rpst.: Long sword |    14 |    11 |     8 ||    33
